 Dungeon Crawl Stone Soup version 0.31.0-32-g396128a36d (webtiles) character file.

Game seed: 6005958532582155412

7973 HarvestJack the Mimic (level 11, 0/77 HPs)
             Began as an Octopode Shapeshifter on Mar 26, 2024.
             Was a High Priest of Okawaru.
             Slain by a freezing wraith (4 damage)
             ... on level 10 of the Dungeon.
             The game lasted 00:14:53 (9280 turns).

HarvestJack the Mimic (Octopode Shapeshifter)       Turns: 9280, Time: 00:14:54

Health: 0/77       AC:  1    Str: 14    XL:     11   Next: 23%
Magic:  0/25       EV: 23    Int: 22    God:    Okawaru [*****.]
Gold:   574        SH:  0    Dex: 18    Spells: 13/16 levels left

rFire   . .          .
                       - Unarmed
rCold   + + .        (shield currently unavailable)
rNeg    + . .        (helmet restricted)
rPois   .            y - amulet of guardian spirit
rElec   .            C - ring of protection from cold
rCorr   +            N - ring of positive energy
SInv    .            R - ring of resist corrosion
Will    .....        I - +6 ring of intelligence
Stlth   ++           L - ring of flight
HPRegen 0.32/turn    M - ring of magical power
MPRegen 0.19/turn    D - +6 ring of dexterity
                     c - ring of protection from cold

%: guardian spirit
@: flux-form, heroic, flying, slowed, glowing, very slow
A: glow, contaminating, almost no armour, amphibious, 8 rings, camouflage 1,
gelatinous body 1, (nimble swimmer 1), tentacles
a: Begin Untransformation, Renounce Religion, Heroism, Finesse, Duel


You were on level 10 of the Dungeon.
You worshipped Okawaru.
Okawaru was extremely pleased with you.
You were something dangerously unstable.
You visited 1 branch of the dungeon, and saw 10 of its levels.

You collected 574 gold pieces.


Innate Abilities, Weirdness & Mutations

You are something dangerously unstable.
You glow with magical radiation, making you easy to see and hit.
Foes you strike become dangerously contaminated with magical radiation.
You are incapable of wielding weapons or throwing items.
You cannot wear most types of armour.
You are amphibious.
You can wear up to eight rings at the same time.
Your skin changes colour to match your surroundings (Stealth+).
Your rubbery body absorbs attacks. (AC +1, EV +1)
((You are camouflaged when in or above water. (Stealth+)))
You have tentacles for arms and can constrict up to eight enemies at once.


   Skills:
 - Level 8.0(13.0) Fighting
 + Level 5.2(10.2) Dodging
 - Level 3.0(8.0) Stealth
 - Level 7.0(12.0) Unarmed Combat
 - Level 3.0 Spellcasting
 - Level 3.0 Conjurations
 - Level 4.0 Air Magic
 - Level 4.0 Alchemy
 - Level 7.0 Invocations
 - Level 8.0 Shapeshifting


You had 13 spell levels left.
You knew the following spells:

 Your Spells              Type           Power      Damage    Failure   Level
m - Mephitic Cloud        Conj/Alch/Air  19%        N/A       9%          3

Your spell library contained the following spells:

 Spells                   Type           Power      Damage    Failure   Level
 Magic Dart               Conj           64%        1d6       3%          1
 Searing Ray              Conj           32%        2d5       5%          2
 Freeze                   Ice            12%        1d3       12%         1
 Dazzling Flash           Conj/Hex       18%        N/A       21%         3
 Hailstorm                Conj/Ice       9%         3d6       21%         3
 Olgreb's Toxic Radiance  Alch           20%        N/A       24%         4
 Fulminant Prism          Conj/Alch      9%         3d7       28%         4
 Frozen Ramparts          Ice            6%         1d1       36%         3
 Sigil of Binding         Hex            3%         N/A       36%         3
 Alistair's Intoxication  Alch           13%        N/A       54%         5
 Dimensional Bullseye     Hex/Tloc       1%         N/A       77%         4
 Silence                  Hex/Air        6%         N/A       83%         5
 Borgnjor's Vile Clutch   Necr/Erth      1%         N/A       98%         5
 Curse of Agony           Necr           3%         N/A       98%         5
 Eringya's Noxious Bog    Alch           10%        4d6       98%         6
 Ozocubu's Refrigeration  Ice            1%         4d7       100%        7
 Discord                  Hex            1%         N/A       100%        8
 Call Canine Familiar     Summ           Unusable   N/A       N/A         3

Inventory:

Missiles
 m - a curare-tipped dart (quivered) {=f}
 q - 6 poisoned darts
 A - a throwing net {=f}
Jewellery
 c - a ring of protection from cold (on tentacle)
 n - a ring of positive energy
 y - an amulet of guardian spirit (around mantle)
 C - a ring of protection from cold (left tentacle)
 D - a +6 ring of dexterity (on tentacle)
 I - a +6 ring of intelligence (on tentacle)
 L - a ring of flight (on tentacle)
 M - a ring of magical power (on tentacle)
 N - a ring of positive energy (right tentacle)
 R - a ring of resist corrosion (on tentacle)
Talismans
 b - a beast talisman
 F - a flux talisman (active)
Wands
 x - a wand of digging (5)
 z - a wand of polymorph (8)
 O - a wand of flame (26)
Scrolls
 d - 4 scrolls of enchant armour {unknown}
 i - 2 scrolls of poison {unknown}
 j - a scroll of blinking {unknown}
 l - 2 scrolls of revelation {unknown}
 o - 2 scrolls of amnesia {unknown}
 r - a scroll of silence {unknown}
 u - a scroll of fog {unknown}
 v - a scroll of enchant weapon {unknown}
 E - a scroll of teleportation {unknown}
 G - 2 scrolls of noise {unknown}
 H - a scroll of vulnerability {unknown}
 K - a scroll of immolation {unknown}
Potions
 a - 3 potions of lignification
 e - 4 potions of heal wounds {@q2}
 f - 3 potions of brilliance
 g - 6 potions of attraction
 h - 7 potions of curing {unknown}
 p - 3 potions of resistance {unknown}
 s - 4 potions of might
 t - 3 potions of haste {@q3}
 w - a potion of berserk rage {unknown}
 B - 2 potions of mutation {unknown}
 J - a potion of invisibility {unknown}
 P - a potion of ambrosia {unknown}
Miscellaneous
 k - a phantom mirror

Dungeon Overview and Level Annotations

Branches:
Dungeon (10/15)            Temple (0/1) D:4
   Lair: D:8-11         Orc: D:9-12

Altars:
Nemelex Xobeh
Okawaru
Sif Muna
Zin

Shops:
D:2 (   D:6 *

Annotations:
D:5 3 runed translucent doors, monsoonserge's ghost, novice GnSh

#.....#
#........
#.....#
#.....$..
#.....#
#########
#.....#
#.....#
#.....#
#.....########
#............#
#####Wp......#
## #.......<#
#.
#####........#
#.
#............#
#.
#.......######
#. #.......#
## #.......#
#.......#
#.......#


You could see a freezing wraith (contam).


Message History

The freezing wraith begins to glow.
You squeeze the freezing wraith, but do no damage.
The freezing wraith is severely damaged.
The freezing wraith completely misses you.
The freezing wraith hits you!
* * * LOW HITPOINT WARNING * * *
You tentacle-slap the freezing wraith but do no damage.
The freezing wraith glows dangerously bright.
The freezing wraith is severely damaged.
The freezing wraith misses you. The freezing wraith closely misses you.
You tentacle-slap the freezing wraith but do no damage.
The freezing wraith shudders as magic cascades through it!
You squeeze the freezing wraith, but do no damage.
The freezing wraith is almost destroyed.
The freezing wraith hits you!
* * * LOW HITPOINT WARNING * * *
The freezing wraith freezes you. You resist.
* * * LOW HITPOINT WARNING * * *
The freezing wraith misses you.
You barely miss the freezing wraith.
You squeeze the freezing wraith, but do no damage.
The freezing wraith is almost destroyed.
The freezing wraith misses you. The freezing wraith hits you.
* * * LOW HITPOINT WARNING * * *
You tentacle-slap the freezing wraith but do no damage.
The freezing wraith begins to glow.
You squeeze the freezing wraith, but do no damage.
The freezing wraith is almost destroyed.
The freezing wraith hits you.
You die...

Skill      XL: |  1  2  3  4  5  6  7  8  9 10 11 |
---------------+----------------------------------+-----
Fighting       | 2 3 4 5 6 7 8 |  8.0
Invocations    | 2 7 |  7.0
Shapeshifting  | 4 5 7 8 |  8.0
Unarmed Combat | 4 5 7 |  7.0
Spellcasting   | 2 3 |  3.0
Conjurations   | 3 |  3.0
Air Magic      | 4 |  4.0
Alchemy        | 3 4 |  4.0
Stealth        | 3 |  3.0
Dodging        | 5 |  5.2

Action                     |  1- 3 |  4- 6 |  7- 9 | 10-12 || total
---------------------------+-------+-------+-------+-------++-------
  Melee: Unarmed           |    78 |   142 |   209 |   167 ||   596
         Tentacles         |    15 |    22 |    46 |    60 ||   143
         Constrict         |    18 |    34 |    52 |    20 ||   124
         Punch             |     2 |     6 |     3 |       ||    11
  Throw: Dart              |       |     3 |     9 |       ||    12
 Invoke: Heroism           |       |       |     3 |     6 ||     9
    Use: Potion            |       |       |     1 |       ||     1
         Scroll            |       |       |       |     4 ||     4
   Stab: Sleeping          |     3 |     2 |     1 |     2 ||     8
         Distracted        |       |     1 |       |       ||     1
 Armour: Skin              |    30 |    60 |    96 |    78 ||   264
  Dodge: Dodged            |    60 |   109 |   145 |   101 ||   415
   Form: Flux              |       |       |     1 |       ||     1

Levels and vault maps discovered:
D:1:      dpeg_arrival_water_temple_mockup, layout_basic,
          hellmonk_ecumenical_altar_crossroads
D:2:      layout_basic, serial_shops, nicolae_shop_stone, basic_altar,
          minmay_misc_feat_plants
D:3:      layout_rooms, overflow_temple_1_default, uniq_ijyb, uniq_robin
D:4:      wad_pebble_path, layout_basic, nemelex_diamond_rough_becter,
          minmay_temple_entry_butterflies, serial_curves, eino_curves_01,
          eino_curves_01
D:5:      layout_gridville, gammafunk_ghost_split, uniq_menkaure, uniq_eustachio
D:6:      layout_gridville, nicolae_shop_gadgets
D:7:      layout_rooms, mainiacjoe_overflow_cross_hatched
D:8:      layout_loops_ring, uniq_erica, uniq_pikel, uniq_jeremiah,
          uniq_prince_ribbit1
D:9:      layout_irregular_city
D:10:     minmay_cornered_nines, layout_basic, corner_web_ring

Notes
Turn   | Place    | Note
-------+----------+-------------------------------------------
     0 | D:1      | HarvestJack the Octopode Shapeshifter began the quest for
                  | the Orb.
     0 | D:1      | Reached XP level 1. HP: 13/13 MP: 1/1
   134 | D:1      | Reached skill level 2 in Fighting
   134 | D:1      | Reached XP level 2. HP: 19/19 MP: 2/2
   360 | D:1      | Reached XP level 3. HP: 25/25 MP: 3/3
   373 | D:1      | Reached skill level 3 in Fighting
   401 | D:1      | Found a faded altar of an unknown god.
   744 | D:2      | Found an iron altar of Okawaru.
   773 | D:2      | Became a worshipper of Warmaster Okawaru
   974 | D:2      | Reached XP level 4. HP: 28/33 MP: 4/4
  1028 | D:2      | Reached skill level 4 in Fighting
  1123 | D:2      | Reached skill level 1 in Invocations
  1238 | D:2      | Found Voppoth's Weapon Shoppe.
  1358 | D:2      | Reached skill level 2 in Invocations
  1463 | D:2      | Reached XP level 5. HP: 37/37 MP: 6/6
  1691 | D:3      | Noticed Robin
  1780 | D:2      | Killed Robin
  2028 | D:3      | Noticed Ijyb
  2036 | D:3      | Killed Ijyb
  2037 | D:3      | Reached skill level 4 in Shapeshifting
  2177 | D:3      | Found a glowing silver altar of Zin.
  2474 | D:4      | Reached XP level 6. HP: 29/43 MP: 7/7
  2942 | D:4      | Found a staircase to the Ecumenical Temple.
  3043 | D:4      | Found a sparkling altar of Nemelex Xobeh.
  3250 | D:5      | Entered Level 5 of the Dungeon
  3326 | D:5      | Noticed Menkaure
  3336 | D:5      | Killed Menkaure
  3336 | D:5      | Reached * piety under Okawaru
  3337 | D:5      | Reached skill level 5 in Fighting
  3337 | D:5      | Reached skill level 5 in Shapeshifting
  3337 | D:5      | Reached XP level 7. HP: 31/50 MP: 8/8
  3486 | D:5      | Noticed a hornet
  3486 | D:5      | Noticed monsoonserge's ghost (novice GnSh)
  3521 | D:5      | Noticed a hornet
  3530 | D:5      | Killed a hornet
  3531 | D:5      | Reached skill level 4 in Unarmed Combat
  3531 | D:5      | Reached skill level 6 in Fighting
  3635 | D:5      | Noticed Eustachio
  3671 | D:5      | Killed Eustachio
  3671 | D:5      | Reached ** piety under Okawaru
  3672 | D:5      | Reached XP level 8. HP: 32/57 MP: 9/9
  3780 | D:5      | Reached skill level 6 in Shapeshifting
  4044 | D:5      | Found a runed translucent gate.
  4044 | D:5      | Found a runed translucent gate.
  4044 | D:5      | Found a runed translucent gate.
  4385 | D:6      | Reached *** piety under Okawaru
  4386 | D:6      | Reached skill level 7 in Fighting
  4386 | D:6      | Reached skill level 7 in Shapeshifting
  4563 | D:6      | Found Kisaitinn's Gadget Gallery.
  4661 | D:6      | Reached skill level 5 in Unarmed Combat
  5049 | D:7      | Reached XP level 9. HP: 11/64 MP: 11/11
  5052 | D:6      | HP: 6/64 [orc/+0 hand axe (4)]
  5256 | D:7      | Reached skill level 3 in Invocations
  5296 | D:7      | Reached skill level 6 in Unarmed Combat
  5400 | D:7      | Reached skill level 4 in Invocations
  5929 | D:7      | Reached skill level 7 in Unarmed Combat
  6089 | D:7      | Found a shimmering blue altar of Sif Muna.
  6355 | D:8      | Reached skill level 5 in Invocations
  6441 | D:8      | Noticed Jeremiah
  6451 | D:8      | Killed Jeremiah
  6452 | D:8      | Reached skill level 6 in Invocations
  6540 | D:8      | Noticed Pikel
  6577 | D:8      | Killed Pikel
  6577 | D:8      | Reached **** piety under Okawaru
  6578 | D:8      | Reached skill level 7 in Invocations
  6578 | D:8      | Reached skill level 2 in Spellcasting
  6578 | D:8      | Reached XP level 10. HP: 30/71 MP: 6/15
  6590 | D:8      | Learned a level 3 spell: Mephitic Cloud
  6787 | D:8      | Noticed Erica
  6794 | D:8      | Killed Erica
  6795 | D:8      | Reached skill level 1 in Conjurations
  6795 | D:8      | Reached skill level 1 in Air Magic
  6795 | D:8      | Reached skill level 1 in Alchemy
  7048 | D:8      | Noticed Prince Ribbit
  7057 | D:8      | Killed Prince Ribbit
  7058 | D:8      | Reached skill level 1 in Stealth
  7058 | D:8      | Reached skill level 2 in Alchemy
  7058 | D:8      | Reached skill level 8 in Shapeshifting
  7104 | D:8      | Reached skill level 2 in Air Magic
  7313 | D:8      | Reached skill level 2 in Conjurations
  7470 | D:9      | Reached skill level 2 in Stealth
  7488 | D:9      | Reached ***** piety under Okawaru
  7490 | D:9      | Reached skill level 3 in Dodging
  7490 | D:9      | Reached skill level 3 in Stealth
  7490 | D:9      | Reached skill level 3 in Alchemy
  7493 | D:9      | Reached skill level 3 in Air Magic
  7586 | D:9      | Reached skill level 3 in Conjurations
  7624 | D:9      | Reached skill level 4 in Dodging
  8007 | D:9      | Reached skill level 5 in Dodging
  8020 | D:9      | Reached skill level 4 in Air Magic
  8026 | D:9      | Reached XP level 11. HP: 30/75 MP: 11/16
  8203 | D:9      | Received a gift from Okawaru
  8204 | D:9      | Reached skill level 3 in Spellcasting
  8544 | D:10     | Entered Level 10 of the Dungeon
  8658 | D:10     | Reached skill level 8 in Fighting
  8914 | D:10     | Noticed a centaur warrior
  8930 | D:10     | HP: 7/77 [centaur warrior (4)]
  8931 | D:10     | Killed a centaur warrior
  8932 | D:10     | Reached skill level 4 in Alchemy
  9279 | D:10     | HP: 3/77 [freezing wraith (5)]
  9280 | D:10     | Slain by a freezing wraith

Vanquished Creatures
  A centaur warrior (D:10)
  Erica (D:8)
  Pikel (D:8)
  Jeremiah (D:8)
  2 hornets
  Prince Ribbit (D:8)
  A vampire (D:10)
  15 yaks
  Eustachio (D:5)
  A steam dragon (D:7)
  Menkaure (D:5)
  An acid dragon (D:9)
  A water moccasin (D:8)
  2 orc warriors
  A black bear (D:6)
  2 sky beasts
  An ogre (D:6)
  2 centaurs
  A lemure (D:8)
  A kobold brigand (D:7)
  3 bullfrogs
  3 scorpions (D:5)
  10 wights
  3 bombardier beetles
  6 orc priests
  A gnoll bouda (D:8)
  2 hounds (D:5)
  4 iguanas
  A sleepcap (D:7)
  Ijyb (D:3)
  2 orc wizards (D:8)
  Robin (D:2)
  6 adders
  9 gnolls
  A shadow imp (D:6)
  A white imp (D:4)
  2 ufetubi (D:7)
  2 dart slugs (D:1)
  2 ribbon worms (D:2)
  29 orcs
  9 bats
  7 endoplasms
  4 giant cockroaches
  9 goblins
  16 hobgoblins
  6 jackals
  2 quokkas (D:1)
  9 ball pythons
  2 frilled lizards (D:1)
  7 kobolds
  7 rats
205 creatures vanquished.

Vanquished Creatures (others)
  An orc wizard (D:8)
1 creature vanquished.

Grand Total: 206 creatures vanquished

Table legend: (Time is in decaauts)
 A = Elapsed time spent in this place.
 B = Non-inter-level travel time spent in this place.
 C = Inter-level travel time spent in this place.
 D = Time resting spent in this place.
 E = Time spent auto-exploring this place.
 F = Levels seen in this place.
 G = Mean time per level.
                   A        B        C        D        E       F      G
               +--------+--------+--------+--------+--------+-----+--------+
         Total |   9214 |   8889 |    325 |   1426 |   6034 |  10 |  921.4 |
       Dungeon |   9214 |   8889 |    325 |   1426 |   6034 |  10 |  921.4 |
               +--------+--------+--------+--------+--------+-----+--------+

Top non-repeatable levels by time:
     D:9: 1405 daAuts
     D:8: 1167 daAuts
     D:6: 1109 daAuts
     D:2: 1109 daAuts
     D:7: 1036 daAuts
     D:4: 959 daAuts
     D:5: 865 daAuts
     D:1: 740 daAuts
     D:3: 427 daAuts
    D:10: 393 daAuts

Table legend:
 A = Non-vault XP
 B = Vault XP
 C = Vault XP percentage of total XP
 D = Non-vault monster count
 E = Vault monster count
 F = Vault count percentage of total count
                 A         B        C        D         E       F
            +---------+---------+-------+---------+---------+-------
      Total |    7931 |    3459 |  30.4 |     184 |      20 |   9.8
            +---------+---------+-------+---------+---------+-------
        D:1 |      47 |       0 |   0.0 |      27 |       0 |   0.0
        D:2 |     125 |      32 |  20.4 |      32 |      11 |  25.6
        D:3 |      39 |      40 |  50.6 |      16 |       2 |  11.1
        D:4 |      99 |       0 |   0.0 |      12 |       0 |   0.0
        D:5 |     850 |     348 |  29.0 |      15 |       2 |  11.8
        D:6 |     726 |       0 |   0.0 |      18 |       0 |   0.0
        D:7 |    1173 |       0 |   0.0 |      21 |       0 |   0.0
        D:8 |     787 |    2194 |  73.6 |      20 |       4 |  16.7
        D:9 |    3267 |       0 |   0.0 |      19 |       0 |   0.0
       D:10 |     818 |     845 |  50.8 |       4 |       1 |  20.0
            +---------+---------+-------+---------+---------+-------
